 Dungeon Crawl Stone Soup version 0.29.1-2-gbd0b4ee654 (webtiles) character file.

Game seed: 5409731117313284010

62 jamestheduck25 the Chopper (level 3, 1/1 (34) HPs)
             Began as a Minotaur Berserker on Nov 18, 2022.
             Was a Follower of Trog.
             Tarried too long and was consumed by Zot
             ... on level 2 of the Dungeon.
             The game lasted 00:06:57 (14991 turns).

jamestheduck25 the Chopper (Minotaur Berserker)    Turns: 14991, Time: 00:06:57

HP:   1/1 (34)      AC:  2    Str: 23    XL:     3   Next: 85%
MP:   2/2           EV: 12    Int:  4    God:    Trog [*.....]
Gold: 72            SH:  0    Dex:  9    Spells: 2/2 levels left

rFire   . . .      SeeInvis .   a - +0 hand axe
rCold   . . .      Faith    .   (no shield)
rNeg    . . .      Spirit   .   b - +0 animal skin
rPois   .          Reflect  .   (helmet restricted)
rElec   .          Harm     .   (no cloak)
rCorr   .          Rampage  .   (no gloves)
Will    .....                   (no boots)
Stlth   +.........              (no amulet)
HPRegen 0.01/turn               (no ring)
MPRegen 0.08/turn               (no ring)

@: extremely drained, bezotted and risking death
A: horns 2, retaliatory headbutt
a: Renounce Religion, Berserk


You were on level 2 of the Dungeon.
You worshipped Trog.
Trog was aware of your devotion.
You visited 1 branch of the dungeon, and saw 2 of its levels.

You collected 72 gold pieces.

Inventory:

Hand Weapons
 a - a +0 hand axe (weapon)
Armour
 b - a +0 animal skin (worn)
Jewellery
 o - an amulet of faith
 p - a ring of willpower
Wands
 k - a wand of iceblast (8)
Scrolls
 c - 5 scrolls of identify {unknown}
 d - a scroll of enchant weapon {unknown}
 h - a scroll of amnesia {unknown}
 l - a scroll of butterflies {unknown}
 m - 2 scrolls of blinking {unknown}
 n - a scroll of enchant armour {unknown}
Potions
 e - 2 potions of flight {unknown}
 f - 2 potions of attraction {unknown}
 g - a potion of brilliance {unknown}
 i - a potion of lignification {unknown}
 j - a potion of curing {unknown}
 q - a potion of might {unknown}
 r - a potion of mutation {unknown}


   Skills:
 + Level 4.4 Fighting
 + Level 4.8 Axes
 + Level 2.6 Armour
 + Level 2.6 Dodging
 + Level 0.1 Stealth


You had 2 spell levels left.
You didn't know any spells.
Your spell library was empty.

Dungeon Overview and Level Annotations

Branches:
Dungeon (2/15) Zot: 0! You are so drained that the power of Zot will kill you!

Altars:

Shops:
D:2 [*?


Innate Abilities, Weirdness & Mutations

You have a pair of horns on your head.
You reflexively headbutt those who attack you in melee.


Message History

Unknown command.
You start waiting.
You have lingered too long.
Zot senses you.
Dive deeper or flee this branch before you perish!
Unknown command.
Really rest while Zot is near?
You start waiting.
Done waiting.
No target in view!
Really rest while Zot is near?
You start waiting.
Done waiting.
Really rest while Zot is near?
You start waiting.
Done waiting.
Really rest while Zot is near?
You start waiting.
Done waiting.
Really rest while Zot is near?
You start waiting.
Done waiting.
Zot draws nearer.
Dive deeper or flee this branch before you perish!
Really rest while Zot is near?
You start waiting.
Done waiting.
Really rest while Zot is near?
You start waiting.
Done waiting.
Really rest while Zot is near?
You start waiting.
Done waiting.
Really rest while Zot is near?
You start waiting.
Done waiting.
Zot has nearly found you.
Death is approaching.
Descend or flee this branch!
Save game and exit?
Welcome back, jamestheduck25 the Minotaur Berserker.
Trog says: Kill them all!
Press ? for a list of commands and other information.
Zot snuffs you out like a light.
You die...

######## ###......#####
##............# ##.......#.....##
####### #.......#.......#####
#.....###.....@#######......#
#.###..##.......#......##...#
#................#..........#
#######..................##...#
.........####.#.#######.###...#
...#####.###....#####...# #..##
#...####..............#####.##
#.#.............#########...#####
#..#####..........###.........##.


There were no monsters in sight!

Vanquished Creatures
  Robin (D:2)
  A worm (D:2)
  A dart slug (D:1)
  2 bats (D:1)
  An endoplasm (D:1)
  A giant cockroach (D:1)
  11 goblins
  6 hobgoblins
  2 jackals (D:2)
  2 quokkas (D:1)
  3 ball pythons
  3 frilled lizards
  3 kobolds (D:1)
  6 rats
43 creatures vanquished.

Notes
Turn   | Place    | Note
-------+----------+-------------------------------------------
     0 | D:1      | jamestheduck25 the Minotaur Berserker began the quest for
                  | the Orb.
     0 | D:1      | Reached XP level 1. HP: 19/19 MP: 0/0
   401 | D:1      | Reached XP level 2. HP: 27/27 MP: 1/1
  1598 | D:1      | You fall into a shaft and drop 1 floor!
  1598 | D:2      | Found Xexixuuq's Magic Scroll Emporium.
  1620 | D:2      | Reached XP level 3. HP: 19/33 MP: 2/2
  1792 | D:2      | Found Repuarui's Assorted Antiques.
  1800 | D:2      | Found a faded altar of an unknown god.
  1883 | D:2      | Found Juycot's Antique Armour Boutique.
  1916 | D:2      | Noticed Robin
  1930 | D:2      | Reached ** piety under Trog
  1940 | D:2      | Killed Robin
  2394 | D:2      | Found Zaapig's Antique Weapon Emporium.
 10991 | D:2      | Glimpsed the power of Zot.
 11491 | D:2      | Glimpsed the power of Zot.
 11891 | D:2      | Glimpsed the power of Zot.
 11991 | D:2      | Touched by the power of Zot.
 11992 | D:2      | Glimpsed the power of Zot.
 12492 | D:2      | Glimpsed the power of Zot.
 12892 | D:2      | Glimpsed the power of Zot.
 12991 | D:2      | Touched by the power of Zot.
 12992 | D:2      | Glimpsed the power of Zot.
 13492 | D:2      | Glimpsed the power of Zot.
 13892 | D:2      | Glimpsed the power of Zot.
 13991 | D:2      | Touched by the power of Zot.
 13992 | D:2      | Glimpsed the power of Zot.
 14492 | D:2      | Glimpsed the power of Zot.
 14892 | D:2      | Glimpsed the power of Zot.
 14991 | D:2      | Tarried too long and was consumed by Zot

Illustrated notes

Levels and vault maps discovered:
D:1:      dpeg_arrival_solitude, layout_basic, grunt_decor_mini_mirrors,
          minmay_misc_feat_rugged
D:2:      layout_rooms, shapermc_ecumenical_altar_rom_forum, serial_shops,
          nicolae_shop_behind_doors, nicolae_shop_advertising_works
          [nicolae_subvault_shop_adworks], nicolae_shop_stone,
          nicolae_lakefront_shop, serial_bayou_ford_a, uniq_robin

Skill      XL: |  1  2 |
---------------+-------+-----
Fighting       | 4 |  4.4
Axes           | 4 |  4.8
Armour         | |  2.6
Dodging        | |  2.6
Stealth        | |  0.1

Action                   || total
-------------------------++-------
Melee: Hand axe          ||    90
       Headbutt          ||    14
Armor: Animal skin       ||    14
Dodge: Dodged            ||    57
